 Dungeon Crawl Stone Soup version 0.29-a0-344-ge2f44be95a (webtiles) character file.

Game seed: 561048176813763770

21 klau3 the Chopper (level 2, 0/29 HPs)
             Began as an Ogre Gladiator on Apr 21, 2022.
             Slain by an adder (2 damage)
             ... on level 2 of the Dungeon.
             The game lasted 00:09:47 (1043 turns).

klau3 the Chopper (Ogre Gladiator)                  Turns: 1043, Time: 00:09:48

Health: 0/29       AC:  3    Str: 17    XL:     2   Next: 87%
Magic:  2/2        EV: 10    Int:  9    God:
Gold:   52         SH:  0    Dex: 10    Spells: 1/1 levels left

rFire   . . .      SeeInvis .   a - +0 war axe
rCold   . . .      Faith    .   (no shield)
rNeg    . . .      Spirit   .   b - +0 robe
rPois   .          Reflect  .   c - +0 hat
rElec   .          Harm     .   (no cloak)
rCorr   .          Rampage  .   (gloves unavailable)
Will    .....                   (boots unavailable)
Stlth   +.........              (no amulet)
HPRegen 0.09/turn               (no ring)
MPRegen 0.08/turn               (no ring)

@: brilliant, lethally poisoned (0 -> -4)
A: large, unfitting armour, tough skin 1
a: no special abilities


You were on level 2 of the Dungeon.
You visited 1 branch of the dungeon, and saw 2 of its levels.

You collected 52 gold pieces.

Inventory:

Hand Weapons
 a - a +0 war axe (weapon)
 i - a +0 hunting sling
 k - a +0 dagger of speed
Missiles
 d - 3 throwing nets
 e - a large rock
 n - 14 stones (quivered)
Armour
 b - a +0 robe (worn)
 c - a +0 hat (worn)
Scrolls
 f - a scroll of identify {unknown}
 h - 2 scrolls of blinking
 m - 2 scrolls of teleportation {unknown}
 p - a scroll of magic mapping {unknown}
 q - a scroll of fear {unknown}
 r - a scroll of enchant weapon {unknown}
Potions
 g - a potion of mutation {unknown}
 j - a potion of heal wounds {unknown}
 o - a potion of flight {unknown}


   Skills:
 + Level 2.8 Fighting
 + Level 3.4 Axes
 + Level 2.1 Throwing
 + Level 3.1 Dodging


You had one spell level left.
You didn't know any spells.
Your spell library was empty.

Dungeon Overview and Level Annotations

Branches:
Dungeon (2/15)

Altars:
Qazlal


Innate Abilities, Weirdness & Mutations

You are too large for most types of armour.
You have tough skin. (AC +1)


Message History

You are poisoned.
The adder poisons you! The adder closely misses you.
You miss the adder.
You feel sick.
A bat comes into view.
The adder misses you.
You miss the adder.
You feel sick. The adder bites you.
You are more poisoned.
The adder poisons you! The adder barely misses you.
You miss the adder.
You feel very sick. The bat hits you. The adder barely misses you.
The adder misses you.
You hit the adder.
The adder is moderately wounded.
You closely miss the bat.
You feel sick. The bat barely misses you. The adder bites you.
The adder barely misses you.
Blink to where?
Press: ? - help, Dir - move target
Okay, then.
You feel sick. The bat hits you.
It was a potion of brilliance.
You feel clever all of a sudden.
You feel sick. The bat hits you but does no damage.
You hit the adder.
The adder is severely wounded.
You feel sick. The adder closely misses you. The adder bites you.
You are lethally poisoned!
The adder poisons you!
You hit the adder.
The adder is almost dead.
* * * LOW HITPOINT WARNING * * *
You feel very sick. The adder bites you.
* * * LOW HITPOINT WARNING * * *
The adder closely misses you.
Unknown command.
You hit the adder.
The adder is almost dead.
* * * LOW HITPOINT WARNING * * *
You feel sick. The adder bites you.
You die...

.....###... .........
...... ####..###
#...... ...†#...#
....... ###...#.##
.......
##.....#######
....... ##..........#
.......
##.........###.......
#..........@Sb......
#.........###.......
#.........# .......
#.........# .......
########### .......
....... .......
.._....


You could see an adder and a bat.

Vanquished Creatures
  A dart slug (D:1)
  2 bats
  An endoplasm (D:2)
  3 giant cockroaches (D:1)
  A goblin (D:2)
  A hobgoblin (D:1)
  3 quokkas
  2 frilled lizards (D:1)
  2 kobolds
  2 rats (D:1)
18 creatures vanquished.

Notes
Turn   | Place    | Note
-------+----------+-------------------------------------------
     0 | D:1      | klau3 the Ogre Gladiator began the quest for the Orb.
     0 | D:1      | Reached XP level 1. HP: 22/22 MP: 1/1
   219 | D:1      | Reached XP level 2. HP: 24/29 MP: 2/2
   937 | D:2      | Found a faded altar of an unknown god.
   937 | D:2      | Noticed a blizzard demon
  1033 | D:2      | Found a stormy altar of Qazlal.
  1043 | D:2      | Slain by an adder

Illustrated notes

Levels and vault maps discovered:
D:1:      lemuel_arrival_broad_hall, layout_basic
D:2:      layout_rooms, dreamdust_ecumenical_altar_sealed_demon, basic_altar

Skill      XL: |  1  2 |
---------------+-------+-----
Dodging        | 3 |  3.1
Fighting       | |  2.8
Axes           | |  3.4
Throwing       | |  2.1

Action                   || total
-------------------------++-------
Melee: War axe           ||    62
  Use: Scroll            ||     2
       Potion            ||     1
Armor: Robe              ||    21
Dodge: Dodged            ||    45

Table legend: (Time is in decaauts)
 A = Elapsed time spent in this place.
 B = Non-inter-level travel time spent in this place.
 C = Inter-level travel time spent in this place.
 D = Time resting spent in this place.
 E = Time spent auto-exploring this place.
 F = Levels seen in this place.
 G = Mean time per level.
                   A        B        C        D        E       F      G
               +--------+--------+--------+--------+--------+-----+--------+
         Total |   1064 |    231 |    833 |      0 |      0 |   2 |  532.0 |
       Dungeon |   1064 |    231 |    833 |      0 |      0 |   2 |  532.0 |
               +--------+--------+--------+--------+--------+-----+--------+

Top non-repeatable levels by time:
     D:1: 878 daAuts
     D:2: 186 daAuts
